 Dungeon Crawl Stone Soup version 0.28.0-45-g0d030f2227 (webtiles) character file.

Game seed: 16763701681253461437

14 demenzo the Chopper (level 2, -3/27 HPs)
             Began as a Minotaur Cinder Acolyte on Apr 10, 2022.
             Was a High Priest of Ignis.
             Slain by a goblin
             ... wielding a +0 dagger of electrocution
              (18 damage)
             ... on level 1 of the Dungeon.
             The game lasted 00:00:30 (184 turns).

demenzo the Chopper (Minotaur Cinder Acolyte)        Turns: 184, Time: 00:00:30

Health: -3/27      AC:  8    Str: 18    XL:     2   Next: 31%
Magic:  2/2        EV:  7    Int: 11    God:    Ignis [*****.]
Gold:   8          SH:  0    Dex:  5    Spells: 3/3 levels left

rFire   + . .      SeeInvis .   a - -1 hand axe (flame)
rCold   . . .      Faith    .   (no shield)
rNeg    . . .      Spirit   .   c - +0 chain mail
rPois   .          Reflect  .   (helmet restricted)
rElec   .          Harm     .   (no cloak)
rCorr   .          Rampage  .   (no gloves)
Will    .....                   (no boots)
Stlth   ..........              (no amulet)
HPRegen 0.09/turn               (no ring)
MPRegen 0.08/turn               (no ring)

@: no status effects
A: horns 2, retaliatory headbutt
a: Renounce Religion, Fiery Armour, Foxfire Swarm, Rising Flame


You were on level 1 of the Dungeon.
You worshipped Ignis.
Ignis was extremely pleased with you.
You visited 1 branch of the dungeon, and saw 1 of its levels.

You collected 8 gold pieces.

Inventory:

Hand Weapons
 a - a -1 hand axe of flaming (weapon)
Armour
 b - a +0 robe
 c - a +0 chain mail (worn)
Scrolls
 d - a scroll of vulnerability {unknown}
 e - a scroll of immolation {unknown}


   Skills:
 + Level 3.8 Fighting
 * Level 4.0 Axes
 + Level 1.0 Armour
 + Level 0.7 Dodging
 - Level 1.0 Spellcasting
 - Level 2.1 Fire Magic


You had 3 spell levels left.
You didn't know any spells.
Your spell library contained the following spells:

 Spells                   Type           Power      Damage    Failure   Level
 Scorch                   Fire           10%        2d5       96%         2


Dungeon Overview and Level Annotations

Branches:
Dungeon (1/15)

Altars:


Innate Abilities, Weirdness & Mutations

You have a pair of horns on your head.
You reflexively headbutt those who attack you in melee.


Message History

You kill the ball python!
Unknown command.
No target in view!
No target in view!
Unknown command.
There is a fountain of sparkling water here.
You see here a ball python corpse.
e - a scroll labelled WISOT JUHI No target in view!
A frilled lizard comes into view.
The frilled lizard hisses angrily.
Unknown command.
A goblin comes into view.
It is wielding a +0 dagger of electrocution.
There are monsters nearby!
Unknown command.
The goblin shouts!
There are monsters nearby!
You hit the frilled lizard. You burn the frilled lizard.
You kill the frilled lizard!
A bat comes into view.
The bat moves out of view.
Your Armour skill increases to level 1!
A goblin is nearby!
Found a book of Burglary.
There are monsters nearby!
There are monsters nearby!
You barely miss the goblin. Your headbutt misses the goblin.
You closely miss the bat. The bat hits you but does no damage.
The goblin hits you but does no damage.
You are electrocuted!
The goblin hits you but does no damage.
Unknown command.
You barely miss the goblin. Your headbutt misses the goblin.
Your punch misses the goblin. You barely miss the bat.
The bat hits you but does no damage. The goblin hits you but does no damage.
Unknown command.
You hit the goblin but do no damage. Your headbutt misses the goblin.
The bat barely misses you. The goblin hits you but does no damage.
You are electrocuted!!
Ouch! That really hurt!
You die...

#######
######.....##
##.........@g#
#..#.....#...b#
#.##.#.###.##...#
##.
#††.###.⌠.##...#
##.####.###.#.##
#...#
#..#.#.###.###.
..... #.#.⌠.###.⌠
# ..:. #..#.###.#
## ....
##.####.## .## #.


You could see a goblin and a bat.

Vanquished Creatures
  2 giant cockroaches (D:1)
  A goblin (D:1)
  2 hobgoblins (D:1)
  A quokka (D:1)
  4 ball pythons (D:1)
  2 frilled lizards (D:1)
12 creatures vanquished.

Notes
Turn   | Place    | Note
-------+----------+-------------------------------------------
     0 | D:1      | demenzo the Minotaur Cinder Acolyte began the quest for the
                  | Orb.
     0 | D:1      | Reached XP level 1. HP: 19/19 MP: 1/1
   111 | D:1      | Reached XP level 2. HP: 27/27 MP: 2/2
   117 | D:1      | Reached skill level 4 in Axes
   180 | D:1      | Reached skill level 1 in Armour
   184 | D:1      | Slain by a goblin

Illustrated notes

Levels and vault maps discovered:
D:1:      sevenhm_arrival_forest_fort_small_6, layout_basic,
          hellmonk_ecumenical_altar_dog_temple, hangedman_decor_points,
          amcnicky_mini_corridor_feature, grunt_decor_mini_mirrors,
          minmay_misc_feat_room

Skill      XL: |  1  2 |
---------------+-------+-----
Axes           | 4 |  4.0
Armour         | 1 |  1.0
Fighting       | |  3.8
Dodging        | |  0.7
Spellcasting   | |  1.0
Fire Magic     | |  2.1

Action                   || total
-------------------------++-------
Melee: Hand axe          ||    25
       Headbutt          ||     1
Armor: Robe              ||     3
       Chain mail        ||    14
Dodge: Dodged            ||    15
